 Dungeon Crawl Stone Soup version 0.26-a0-652-gafc20e3620 (webtiles) character file.

Game seed: 14330564690155276529

131 KristoblXynda the Ducker (level 4, -3/58 HPs)
             Began as a Troll Hedge Wizard on Oct 2, 2020.
             Slain by an ice beast (12 damage)
             ... on level 3 of the Dungeon.
             The game lasted 00:02:57 (1966 turns).

KristoblXynda the Ducker (Troll Hedge Wizard)       Turns: 1966, Time: 00:02:58

Health: -3/58      AC: 22    Str: 16 (18) XL:     4   Next: 91%
Magic:  6/6        EV:  1    Int:  7 (10) God:
Gold:   134        SH:  0    Dex:  8 (10) Spells: 6/7 levels left

rFire    . . .     SeeInvis .     - Unarmed
rCold    . . .     Faith    .   (no shield)
rNeg     + + +     Spirit   .   (armour currently unavailable)
rPois    +         Reflect  .   (helmet currently unavailable)
rElec    .         Harm     .   (cloak currently unavailable)
rCorr    .         Rampage  .   (gloves unavailable)
MR       .....     NoTele   +   (boots unavailable)
Stlth    +.........             (no amulet)
HPRegen  0.59/turn              (no ring)
MPRegen  0.10/turn              (no ring)

@: tree-form
A: large, unfitting armour, regeneration 1
a: no special abilities


You were on level 3 of the Dungeon.
You were a tree.
You visited 1 branch of the dungeon, and saw 3 of its levels.

You collected 134 gold pieces.

Inventory:

Armour
 b - a +0 robe (melded)
 c - a +0 hat (melded)
Jewellery
 r - an uncursed amulet of faith {unknown}
Wands
 p - a wand of iceblast (9)
 s - a wand of random effects (15)
Scrolls
 a - a scroll of enchant weapon {unknown}
 d - a scroll of teleportation {unknown}
 g - 3 scrolls of magic mapping {unknown}
 i - 2 scrolls of immolation {unknown}
 j - a scroll of identify {unknown}
 k - a scroll of noise {unknown}
 m - 2 scrolls of remove curse {unknown}
Potions
 e - a potion of flight
 f - a potion of cancellation
 l - a potion of haste {unknown}
 n - a potion of magic
 o - a potion of curing {unknown}


   Skills:
 + Level 2.7 Dodging
 - Level 1.0 Stealth
 + Level 2.5 Unarmed Combat
 - Level 2.0 Spellcasting
 + Level 2.0 Conjurations
   Level 0.6 Summonings
   Level 0.6 Translocations


You had 6 spell levels left.
You knew the following spells:

 Your Spells              Type           Power        Failure   Level
a - Magic Dart            Conj           #...         17%         1

Your spell library contained the following spells:

 Spells                   Type           Power        Failure   Level
 Blink                    Tloc           N/A          41%         2
 Call Imp                 Summ           #.......     41%         2
 Slow                     Hex            #.......     50%         2
 Conjure Flame            Conj/Fire      #.......     58%         3
 Mephitic Cloud           Conj/Pois/Air  #.......     65%         3


Dungeon Overview and Level Annotations

Branches:
Dungeon (3/15)

Altars:
Dithmenos
Hepliaklqana


Innate Abilities, Weirdness & Mutations

You are too large for most types of armour.
((You have claws for hands.))
Your natural rate of healing is unusually fast.
((You are covered in fur. (AC +1)))
((You have extremely tough skin. (AC +3)))


Message History

You kill the gnoll!
The ice beast hits you but does no damage.
You hit the ice beast but do no damage.
The ice beast is lightly wounded.
The ice beast hits you but does no damage.
You hit the ice beast.
The ice beast is moderately wounded.
The ice beast hits you but does no damage.
You smack the ice beast!
The ice beast is severely wounded.
The ice beast hits you but does no damage.
You barely miss the ice beast.
The ice beast is severely wounded.
The ice beast hits you but does no damage.
You smack the ice beast!
The ice beast is almost dead.
The ice beast hits you.
* * * LOW HITPOINT WARNING * * *
The ice beast freezes you!
You die...

## #..# #..# #..#
#..########
#######.........##
####........######...
#...........# ####
#.##.######## #♣# #Y#
... ..... ....###
...### #... ####


You could see an ice beast.

Vanquished Creatures
  3 gnolls (D:3)
  4 adders
  3 worms
  5 bats
  A giant cockroach (D:2)
  14 goblins
  9 hobgoblins
  A quokka (D:2)
  A ball python (D:3)
  3 frilled lizards (D:3)
  4 kobolds
  9 rats
57 creatures vanquished.

Notes
Turn   | Place    | Note
-------+----------+-------------------------------------------
     0 | D:1      | KristoblXynda the Troll Hedge Wizard began the quest for
                  | the Orb.
     0 | D:1      | Reached XP level 1. HP: 16/16 MP: 2/2
   151 | D:1      | Reached skill level 1 in Conjurations
   170 | D:1      | Reached XP level 2. HP: 24/24 MP: 4/4
   250 | D:1      | Reached skill level 1 in Unarmed Combat
   607 | D:2      | Reached XP level 3. HP: 28/31 MP: 5/5
   839 | D:2      | Found a hazy altar of Hepliaklqana.
   843 | D:2      | Found a shadowy altar of Dithmenos.
   843 | D:2      | Noticed a shadow
  1141 | D:2      | Reached XP level 4. HP: 34/39 MP: 6/6
  1945 | D:3      | Noticed an ice beast
  1966 | D:3      | Slain by an ice beast

Illustrated notes

Levels and vault maps discovered:
D:1:      dpeg_arrival_lava_temple_mockup, layout_basic
D:2:      kennysheep_the_goblin_king, layout_basic,
          riverfiend_overflow_shadow_ancestor
D:3:      layout_loops_ring

Skill      XL: |  1  2  3  4 |
---------------+-------------+-----
Conjurations   | 1 2 |  2.0
Unarmed Combat | 1 2 |  2.5
Dodging        | 2 |  2.7
Stealth        | |  1.0
Spellcasting   | |  2.0
Summonings     | |  0.6
Translocations | |  0.6

Action                   |  1- 3 |  4- 6 || total
-------------------------+-------+-------++-------
Melee: Unarmed           |   114 |    69 ||   183
  Use: Potion            |       |     5 ||     5
 Stab: Sleeping          |     2 |     1 ||     3
Armor: Robe              |    47 |    17 ||    64
       Skin              |       |    11 ||    11
Dodge: Dodged            |    54 |    34 ||    88

Table legend: (Time is in decaauts)
 A = Elapsed time spent in this place.
 B = Non-inter-level travel time spent in this place.
 C = Inter-level travel time spent in this place.
 D = Time resting spent in this place.
 E = Time spent auto-exploring this place.
 F = Levels seen in this place.
 G = Mean time per level.
                   A        B        C        D        E       F      G
               +--------+--------+--------+--------+--------+-----+--------+
         Total |   1960 |   1912 |     48 |     64 |   1400 |   3 |  653.3 |
       Dungeon |   1960 |   1912 |     48 |     64 |   1400 |   3 |  653.3 |
               +--------+--------+--------+--------+--------+-----+--------+

Top non-repeatable levels by time:
     D:2: 945 daAuts
     D:1: 516 daAuts
     D:3: 497 daAuts
